[Event "December 19 Early 2023"]
[Site "https://www.chess.com"]
[Date "2023.12.19"]
[Round "5"]
[White "Vasli, Aref"]
[Black "Hernando Rodrigo, Julio Antonio"]
[Result "1/2-1/2"]
[Board "178"]
[TimeControl "180+1"]
[WhiteFideId "417521"]
[BlackFideId "2208350"]
[WhiteElo "2274"]
[BlackElo "2260"]
[WhiteTeam "IRI"]
[BlackTeam "ESP"]
[WhiteClock "0:00:17"]
[BlackClock "0:00:34"]

1. e4 e6 2. d4 d5 3. Nc3 Bb4 4. e5 c5 5. Bd2 Ne7 6. Nb5 Bxd2+ 7. Qxd2 O-O 8. c3 Bd7 9. f4 Qb6 10. Nd6 cxd4 11. cxd4 Nc8 12. Nxc8 Rxc8 13. Nf3 Nc6 14. Rc1 g6 15. Be2 Na5 16. Rxc8+ Rxc8 17. b3 Bb5 18. Kf2 Bxe2 19. Kxe2 Nc6 20. Kf2 Nb4 21. Kg3 Rc2 22. Qe3 Rxa2 23. Rc1 Rc2 24. Rxc2 Nxc2 25. Qc3 Qc6 26. Qa5 Qc8 27. Qxa7 Ne3 28. h4 Nf5+ 29. Kh3 h5 30. Qa5 Kg7 31. Qb6 Qc1 32. Qd8 Qxf4 33. Qf6+ Kg8 34. Qg5 Qxg5 35. hxg5 Kf8 36. g4 hxg4+ 37. Kxg4 Ke8 38. Kh3 Kd7 39. Kg2 Kc6 40. Kf2 Kb5 41. Ke2 Kb4 42. Kd2 Kxb3 43. Kd3 b5 44. Nd2+ Ka2 45. Kc3 Ng3 46. Kb4 Ne4 47. Nf3 Kb2 48. Kxb5 Kc3 49. Kc6 Kd3 50. Kd7 Ke3 51. Ke7 Kxf3 52. Kxf7 Nxg5+ 53. Kxg6 Ke4 54. Kxg5 Kxd4 55. Kf6 Kc5 56. Kxe6 d4 57. Kf7 d3 58. e6 d2 59. e7 d1=Q 60. e8=Q 1/2-1/2

[Event "December 19 Early 2023"]
[Site "https://www.chess.com"]
[Date "2023.12.19"]
[Round "5"]
[White "Zainullina, Nataliya"]
[Black "Dmitrenko, Viktor"]
[Result "1/2-1/2"]
[Board "179"]
[TimeControl "180+1"]
[WhiteFideId "4145488"]
[BlackFideId "14110270"]
[WhiteElo "2235"]
[BlackElo "2292"]
[WhiteTeam "RUS"]
[BlackTeam "UKR"]
[WhiteClock "0:00:10"]
[BlackClock "0:00:04"]

1. e4 c5 2. Nc3 Nc6 3. g3 g6 4. Bg2 Bg7 5. d3 Rb8 6. Be3 d6 7. Qd2 b5 8. h3 b4 9. Nd1 e6 10. Ne2 Nd4 11. O-O Ne7 12. c3 bxc3 13. bxc3 Nxe2+ 14. Qxe2 O-O 15. f4 Qa5 16. Bd2 Bd7 17. g4 Rfe8 18. Qe1 f5 19. Ne3 Qa6 20. Qe2 fxe4 21. Bxe4 d5 22. Bg2 d4 23. Nd1 Nd5 24. c4 Nc3 25. Qe1 Nxd1 26. Qxd1 Bc6 27. Bxc6 Qxc6 28. Rb1 e5 29. Qe2 exf4 30. Rxb8 Rxb8 31. Bxf4 Re8 32. Qf2 Qe6 33. Bg3 Rf8 34. Qe1 Rxf1+ 35. Kxf1 Qxe1+ 36. Kxe1 Bf8 37. Ke2 Kf7 38. Kf3 Ke6 39. Ke4 Bd6 40. Bxd6 Kxd6 41. h4 h6 42. a4 Ke6 43. a5 a6 44. Kf4 Kf6 45. Ke4 Ke6 46. Kf3 Ke5 47. Kg3 Ke6 48. Kf4 Kf6 49. Ke4 Ke6 1/2-1/2

[Event "December 19 Early 2023"]
[Site "https://www.chess.com"]
[Date "2023.12.19"]
[Round "5"]
[White "Novak, Ratko"]
[Black "Shadhursshaan R"]
[Result "0-1"]
[Board "180"]
[TimeControl "180+1"]
[WhiteFideId "14511827"]
[BlackFideId "45024138"]
[WhiteElo "2036"]
[BlackElo "1760"]
[WhiteTeam "CRO"]
[BlackTeam "IND"]
[WhiteClock "0:00:10"]
[BlackClock "0:02:03"]

1. d4 Nf6 2. c4 e6 3. a3 d5 4. Nc3 c6 5. cxd5 exd5 6. f3 Bf5 7. Bg5 h6 8. Bh4 Be7 9. g4 Bh7 10. Bf2 Nbd7 11. Bg2 O-O 12. h3 Re8 13. Qd2 Nb6 14. b3 a5 15. e4 dxe4 16. fxe4 a4 17. e5 Nfd5 18. Nxd5 Nxd5 19. b4 Bg5 20. Qb2 Nf4 21. Bf1 Qd5 22. Rh2 Qe4+ 23. Kd1 Rxe5 24. h4 Nd3 25. Qc2 Qxg4+ 26. Qe2 Nxf2+ 27. Rxf2 Rxe2 28. Nxe2 Bxh4 29. Rf4 Qh5 30. Bg2 Re8 31. Bf3 Qb5 32. Rxh4 Qd3+ 33. Ke1 Qxf3 34. Rh2 Bd3 35. Ra2 Rxe2+ 36. Raxe2 Bxe2 37. Rxe2 Qxa3 38. Rb2 Qxb2 0-1

[Event "December 19 Early 2023"]
[Site "https://www.chess.com"]
[Date "2023.12.19"]
[Round "5"]
[White "Franchini, Gabriele"]
[Black "Kovalyov, Eduard"]
[Result "0-1"]
[Board "181"]
[TimeControl "180+1"]
[WhiteFideId "806790"]
[BlackFideId "14118033"]
[WhiteElo "2215"]
[BlackElo "2300"]
[WhiteTeam "ITA"]
[BlackTeam "UKR"]
[WhiteClock "0:00:02"]
[BlackClock "0:00:42"]

1. e4 e5 2. Nf3 Nf6 3. Nc3 Nc6 4. a3 Bd6 5. d4 O-O 6. d5 Ne7 7. Be3 Ng6 8. h4 h5 9. Bg5 Bc5 10. Na4 Be7 11. c4 d6 12. Nc3 Ng4 13. Qd2 f6 14. Be3 Nxe3 15. fxe3 f5 16. O-O-O f4 17. Be2 Bg4 18. Kb1 a5 19. Rdf1 b6 20. Nd1 Qd7 21. Ng5 Bxg5 22. hxg5 Qe7 23. Bxg4 hxg4 24. Rh5 fxe3 25. Nxe3 Nf4 26. Rh4 Qxg5 27. Rxg4 Qh5 28. Qd1 Qh7 29. Rh1 Qxe4+ 30. Ka1 Qxe3 31. Rxg7+ Kxg7 32. Qg4+ Ng6 33. Qd7+ Rf7 34. Rh7+ Kxh7 35. Qxf7+ Kh6 36. Qxc7 Rf8 37. Qxd6 Qc1+ 38. Ka2 Qxc4+ 0-1

[Event "December 19 Early 2023"]
[Site "https://www.chess.com"]
[Date "2023.12.19"]
[Round "5"]
[White "Bach, Matthias"]
[Black "Bon, Michael"]
[Result "0-1"]
[Board "182"]
[TimeControl "180+1"]
[WhiteFideId "4603168"]
[BlackFideId "620696"]
[WhiteElo "2130"]
[BlackElo "2420"]
[WhiteTeam "GER"]
[BlackTeam "FRA"]
[WhiteClock "0:00:00"]
[BlackClock "0:00:18"]

1. d4 Nf6 2. c4 c5 3. d5 b5 4. a4 b4 5. g3 Bb7 6. Bg2 g6 7. b3 Bg7 8. Ra2 e6 9. Nh3 exd5 10. cxd5 d6 11. O-O Nbd7 12. e4 O-O 13. Nd2 Re8 14. Re1 Ne5 15. Nf4 g5 16. Nh5 Nxh5 17. Qxh5 Nd3 18. Rd1 Qf6 19. Nc4 Nxc1 20. Rxc1 h6 21. Na5 Bc8 22. Nc6 Ba6 23. h4 gxh4 24. Qxh4 Qxh4 25. gxh4 Kh7 26. f4 Rg8 27. Kh2 Bb7 28. Ne7 Rge8 29. Nf5 Bf8 30. Bf3 Bc8 31. Ng3 a5 32. Nh5 Be7 33. Rg2 Rg8 34. Rxg8 Kxg8 35. Rg1+ Kf8 36. e5 Ra6 37. Rg7 Bf5 38. e6 fxe6 39. dxe6 Bxe6 40. Rh7 d5 41. Rh8+ Kf7 0-1

[Event "December 19 Early 2023"]
[Site "https://www.chess.com"]
[Date "2023.12.19"]
[Round "5"]
[White "Gurevich, Dmitry"]
[Black "Von Buelow, Georg"]
[Result "1/2-1/2"]
[Board "183"]
[TimeControl "180+1"]
[WhiteFideId "2000407"]
[BlackFideId "4620658"]
[WhiteElo "2506"]
[BlackElo "2225"]
[WhiteTeam "USA"]
[BlackTeam "GER"]
[WhiteClock "0:00:03"]
[BlackClock "0:00:04"]

1. d4 Nf6 2. c4 e6 3. g3 d5 4. Bg2 Bb4+ 5. Nd2 O-O 6. Nf3 c6 7. O-O Nbd7 8. Qc2 b6 9. b3 Bb7 10. Bb2 Rc8 11. e4 c5 12. e5 Ne8 13. h4 h6 14. dxc5 Bxc5 15. Rad1 Qe7 16. Qb1 Nc7 17. cxd5 Bxd5 18. Ne4 Nb5 19. a4 Nc7 20. Nfd2 Na6 21. Nc4 Nb4 22. Ned6 Rb8 23. Bxd5 Nxd5 24. Qe4 a6 25. Kg2 b5 26. Na5 Rb6 27. axb5 axb5 28. Ra1 Bxd6 29. exd6 Qxd6 30. Rfd1 Qb8 31. Rdc1 N7f6 32. Qf3 Rc8 33. Rxc8+ Qxc8 34. Rc1 Qd7 35. Bd4 Rb8 36. Nc6 Re8 37. Ne5 Qb7 38. Kh2 Ra8 39. g4 Rb8 40. g5 hxg5 41. hxg5 Nh7 42. g6 fxg6 43. Nxg6 Nhf6 44. Ne5 Rd8 45. Rg1 Qb8 46. Rg3 Qb7 47. Qg2 Kf8 48. Ng6+ Kf7 49. Ne5+ Kf8 50. Ng6+ Kf7 51. Ne5+ Kf8 1/2-1/2

[Event "December 19 Early 2023"]
[Site "https://www.chess.com"]
[Date "2023.12.19"]
[Round "5"]
[White "Balla, Tamas-Kristof"]
[Black "Arshiya Das"]
[Result "1-0"]
[Board "184"]
[TimeControl "180+1"]
[WhiteFideId "1208497"]
[BlackFideId "25652150"]
[WhiteElo "2306"]
[BlackElo "1481"]
[WhiteTeam "ROU"]
[BlackTeam "IND"]
[WhiteClock "0:00:13"]
[BlackClock "0:00:22"]

1. e4 c5 2. c3 d6 3. d4 Nf6 4. Bd3 g6 5. h3 Bg7 6. Nf3 O-O 7. O-O Nc6 8. Re1 b6 9. Bg5 Bb7 10. Nbd2 Qc7 11. Nf1 Rad8 12. Qc1 cxd4 13. cxd4 Qb8 14. Bh6 Rc8 15. Bxg7 Kxg7 16. Qe3 Qa8 17. Ng3 e5 18. d5 Nb4 19. Bb1 Kh8 20. Qg5 Ng8 21. Nh4 f6 22. Qg4 Nc2 23. Bxc2 Rxc2 24. Rac1 Rfc8 25. Rxc2 Rxc2 26. Qd7 Qb8 27. Nf3 Qc7 28. Qa4 a5 29. h4 Rxb2 30. h5 Rb4 31. Qe8 Qe7 32. Qb8 Ba6 33. Nh4 Qb7 34. Qxd6 Qf7 35. hxg6 hxg6 36. Rc1 Rc4 37. Rxc4 Bxc4 38. Qxb6 Bxa2 39. Qxa5 Bc4 40. Qc5 Ba6 41. d6 Kg7 42. Qc6 Bb7 43. Qb6 Nh6 44. Qd8 Ng4 45. d7 Nh6 46. Qe8 Ng8 47. d8=Q Qxe8 48. Qxe8 Nh6 49. Qxg6+ Kf8 50. Qxh6+ Ke7 51. Nhf5+ Kd7 52. Qxf6 Kc7 53. Qd6+ Kc8 54. Ne7# 1-0

[Event "December 19 Early 2023"]
[Site "https://www.chess.com"]
[Date "2023.12.19"]
[Round "5"]
[White "Dwilewicz, Katarzyna"]
[Black "Palmer, Reegan"]
[Result "0-1"]
[Board "185"]
[TimeControl "180+1"]
[WhiteFideId "1148486"]
[BlackFideId "14322145"]
[WhiteElo "2098"]
[BlackElo "1814"]
[WhiteTeam "POL"]
[BlackTeam "RSA"]
[WhiteClock "0:00:17"]
[BlackClock "0:00:37"]

1. e4 c5 2. c3 e6 3. d4 d5 4. exd5 exd5 5. Nf3 Nf6 6. Bb5+ Nc6 7. O-O Be7 8. Re1 O-O 9. dxc5 Bxc5 10. Nbd2 Ng4 11. Rf1 Nxf2 12. Rxf2 Bxf2+ 13. Kxf2 Qb6+ 14. Kg3 Qxb5 15. Nb3 Be6 16. Be3 Qc4 17. Nc5 b6 18. Nd3 Rae8 19. Qd2 Bf5 20. Nf4 Ne5 21. Nd4 Be4 22. h3 Qc7 23. Kf2 f5 24. b3 Qf7 25. Kg1 g5 26. Nfe2 f4 27. Bf2 f3 28. Ng3 fxg2 29. Re1 Qxf2+ 30. Qxf2 Rxf2 31. Kxf2 Nd3+ 0-1

[Event "December 19 Early 2023"]
[Site "https://www.chess.com"]
[Date "2023.12.19"]
[Round "5"]
[White "Ohler, Julius"]
[Black "Papp, Petra"]
[Result "1-0"]
[Board "186"]
[TimeControl "180+1"]
[WhiteFideId "16238982"]
[BlackFideId "739049"]
[WhiteElo "2200"]
[BlackElo "2270"]
[WhiteTeam "GER"]
[BlackTeam "HUN"]
[WhiteClock "0:00:24"]
[BlackClock "0:00:19"]

1. Nf3 Nf6 2. g3 g6 3. Bg2 Bg7 4. O-O O-O 5. c4 d6 6. Nc3 Nc6 7. d3 e5 8. Rb1 a5 9. a3 Bg4 10. b4 axb4 11. axb4 Qc8 12. Be3 Bxf3 13. Bxf3 Ng4 14. Bd2 Nd4 15. Bg2 c6 16. e3 f5 17. exd4 exd4 18. Ne2 Ne5 19. Bf4 h6 20. Nxd4 Ng4 21. Nf3 g5 22. Bxd6 Rd8 23. c5 Qe6 24. Re1 Qa2 25. Qb3+ Qxb3 26. Rxb3 Ra2 27. Ne5 Bxe5 28. Bxe5 Nxf2 29. Bd6 Ng4 30. d4 Rda8 31. d5 Rd2 32. dxc6 bxc6 33. Bxc6 Raa2 34. h3 Nf2 35. Bg2 Nd3 36. Bd5+ Kg7 37. Rxd3 Rxd3 38. Bxa2 f4 39. gxf4 gxf4 40. Bxf4 Rf3 41. Be5+ Kg6 42. Bb1+ Kg5 43. Kg2 Rb3 44. Be4 h5 45. c6 h4 46. c7 Rxb4 47. c8=Q Ra4 48. Qf5+ Kh6 49. Qg6# 1-0

[Event "December 19 Early 2023"]
[Site "https://www.chess.com"]
[Date "2023.12.19"]
[Round "5"]
[White "Chemin, Justo Reinaldo"]
[Black "Goncalves, Davi Sulzbacher"]
[Result "1-0"]
[Board "187"]
[TimeControl "180+1"]
[WhiteFideId "2101580"]
[BlackFideId "2154510"]
[WhiteElo "1940"]
[BlackElo "2175"]
[WhiteTeam "BRA"]
[BlackTeam "BRA"]
[WhiteClock "0:00:03"]
[BlackClock "0:00:10"]

1. d4 f5 2. g3 Nf6 3. Bg2 g6 4. Nh3 Bg7 5. c3 O-O 6. Qb3+ d5 7. Bg5 c6 8. Nd2 Nbd7 9. Nf4 Nb6 10. Bxf6 Bxf6 11. a4 e5 12. dxe5 Bxe5 13. Nd3 Bg7 14. a5 Nd7 15. a6 bxa6 16. Bxd5+ cxd5 17. Qxd5+ Kh8 18. Qxa8 Qb6 19. Qd5 Bb7 20. Qxd7 Bxh1 21. Nc4 Qb3 22. Nd6 Be4 23. Nxe4 fxe4 24. Nf4 Bxc3+ 25. Kf1 Bxb2 26. Rxa6 e3 27. Rxa7 Qg8 28. f3 Rd8 29. Qe7 Bd4 30. Kg2 Bxa7 31. Ne6 Bb6 1-0

[Event "December 19 Early 2023"]
[Site "https://www.chess.com"]
[Date "2023.12.19"]
[Round "5"]
[White "Guzman Lozano, Campo Elias"]
[Black "Ovezdurdyyeva, Jemal"]
[Result "0-1"]
[Board "188"]
[TimeControl "180+1"]
[WhiteFideId "4403746"]
[BlackFideId "14001888"]
[WhiteElo "2099"]
[BlackElo "2086"]
[WhiteTeam "COL"]
[BlackTeam "TKM"]
[WhiteClock "0:00:15"]
[BlackClock "0:01:06"]

1. e4 d6 2. d4 Nf6 3. Nc3 g6 4. f3 c6 5. Bg5 Bg7 6. Qd2 h6 7. Be3 b5 8. Bd3 h5 9. h4 O-O 10. Nh3 e5 11. d5 b4 12. Ne2 cxd5 13. exd5 Nxd5 14. Bh6 Qxh4+ 15. g3 Qf6 16. Bxg7 Kxg7 17. Be4 Bb7 18. Bxd5 Bxd5 19. Qxd5 Nd7 20. O-O Nb6 21. Qd2 Rac8 22. Rad1 Nc4 23. Qxb4 Ne3 24. Rxd6 Qf5 25. Qe4 Qxe4 26. fxe4 Nxf1 27. Kxf1 Rxc2 28. Ng5 Rxb2 29. Rd7 Rxa2 30. Ne6+ Kg8 31. Nxf8 Kxf8 32. Nc3 Ra3 33. Rc7 a5 34. Kg2 Kg7 35. Nd5 g5 36. Ra7 Ra4 37. Kf3 g4+ 38. Ke3 Ra3+ 39. Kd2 Rxg3 40. Rxa5 h4 41. Ne3 Kf6 42. Ke2 h3 43. Ra1 Kg5 44. Rf1 f6 45. Rf2 Rg1 46. Rf5+ Kg6 47. Kf2 h2 48. Nd5 h1=Q 49. Rxf6+ Kg7 0-1

[Event "December 19 Early 2023"]
[Site "https://www.chess.com"]
[Date "2023.12.19"]
[Round "5"]
[White "Demina, Marya"]
[Black "Matveeva, Olga"]
[Result "0-1"]
[Board "189"]
[TimeControl "180+1"]
[WhiteFideId "4195671"]
[BlackFideId "24107018"]
[WhiteElo "1978"]
[BlackElo "1883"]
[WhiteTeam "RUS"]
[BlackTeam "RUS"]
[WhiteClock "0:00:05"]
[BlackClock "0:00:22"]

1. d4 d5 2. c4 e6 3. Nc3 Nf6 4. Nf3 a6 5. Bg5 dxc4 6. e4 b5 7. e5 h6 8. Bh4 g5 9. Nxg5 hxg5 10. Bxg5 Nbd7 11. Qf3 Rb8 12. exf6 Bb7 13. Qe3 Nxf6 14. d5 Nxd5 15. Qe5 Rh5 16. Nxd5 Qxd5 17. Qxd5 Bxd5 18. Be3 Bb4+ 19. Kd1 Rd8 20. Kc1 c3 21. a3 cxb2+ 22. Kxb2 Ba5 23. Rc1 Bb7 24. Be2 Rhd5 25. g4 Rd2+ 26. Bxd2 Rxd2+ 27. Kb1 Be4+ 28. Ka1 Rxe2 29. Rhe1 Rxe1 0-1

[Event "December 19 Early 2023"]
[Site "https://www.chess.com"]
[Date "2023.12.19"]
[Round "5"]
[White "Delorme, Axel"]
[Black "Kiseleva, Arina"]
[Result "1-0"]
[Board "190"]
[TimeControl "180+1"]
[WhiteFideId "632023"]
[BlackFideId "4164989"]
[WhiteElo "2478"]
[BlackElo "1740"]
[WhiteTeam "FRA"]
[BlackTeam "RUS"]
[WhiteClock "0:00:10"]
[BlackClock "0:00:00"]

1. e4 c6 2. d4 d5 3. Nc3 dxe4 4. Nxe4 Nf6 5. Nxf6+ exf6 6. Bc4 Bd6 7. Qe2+ Qe7 8. Qxe7+ Kxe7 9. Ne2 Re8 10. Bd3 g6 11. Bf4 Be6 12. O-O-O b5 13. Bxd6+ Kxd6 14. b3 a5 15. c4 a4 16. Kb2 axb3 17. axb3 bxc4 18. bxc4 Bf5 19. Ng3 Bxd3 20. Rxd3 Nd7 21. Ra3 Rxa3 22. Kxa3 c5 23. Rd1 Nb6 24. Kb3 f5 25. f3 h5 26. h4 cxd4 27. Kb4 Nd7 28. Rxd4+ Kc6 29. Rd5 Rb8+ 30. Kc3 Rb1 31. Ne2 Nb6 32. Rb5 Rxb5 33. Nd4+ Kc5 34. cxb5 Nd5+ 35. Kd3 Nc7 36. Ke3 Nxb5 37. Nxf5 gxf5 38. Kf4 Nd4 39. Kg5 Ne2 40. Kxh5 f4 41. Kg5 1-0

[Event "December 19 Early 2023"]
[Site "https://www.chess.com"]
[Date "2023.12.19"]
[Round "5"]
[White "Quirke, Jeffrey"]
[Black "Leve, Nitai"]
[Result "1-0"]
[Board "191"]
[TimeControl "180+1"]
[WhiteFideId "2013029"]
[BlackFideId "2006898"]
[WhiteElo "2152"]
[BlackElo "2144"]
[WhiteTeam "USA"]
[BlackTeam "USA"]
[WhiteClock "0:00:19"]
[BlackClock "0:00:03"]

1. e4 e6 2. d4 d5 3. e5 c5 4. c3 Qb6 5. Nf3 Bd7 6. Be2 Bb5 7. O-O Bxe2 8. Qxe2 cxd4 9. Nxd4 Nc6 10. Be3 Qc7 11. f4 Nge7 12. Nb5 Qa5 13. Nd6+ Kd7 14. Nxf7 Rg8 15. Ng5 Nf5 16. Kh1 h6 17. Nf3 Qa6 18. Qxa6 bxa6 19. Bf2 Rb8 20. b3 g5 21. fxg5 hxg5 22. g4 Nfe7 23. Nbd2 Ng6 24. Bg3 Be7 25. Rad1 Rbc8 26. c4 dxc4 27. Nxc4+ Kc7 28. Nfd2 Rcf8 29. Ne4 Nf4 30. Ncd6 Nxe5 31. Rc1+ Kb8 32. Nc4 Nxg4 33. Na5 Ka8 34. Rc7 Bb4 35. Nc6 Bc5 36. Nxc5 1-0

[Event "December 19 Early 2023"]
[Site "https://www.chess.com"]
[Date "2023.12.19"]
[Round "5"]
[White "Mouhamad, Joachim"]
[Black "Negron Lizarazo, Juan Sebastian"]
[Result "0-1"]
[Board "192"]
[TimeControl "180+1"]
[WhiteFideId "656410"]
[BlackFideId "3936910"]
[WhiteElo "2125"]
[BlackElo "1647"]
[WhiteTeam "FRA"]
[BlackTeam "COL"]
[WhiteClock "0:00:00"]
[BlackClock "0:00:06"]

1. e4 c5 2. Nf3 d6 3. d4 cxd4 4. Nxd4 Nf6 5. Nc3 a6 6. f3 e5 7. Nb3 Be7 8. Be3 h5 9. Qd2 Be6 10. Nd5 Nxd5 11. exd5 Bf5 12. Be2 Nd7 13. O-O O-O 14. Na5 Qc7 15. c4 Nb6 16. Rfd1 Rac8 17. c5 Nd7 18. c6 bxc6 19. Nxc6 Nc5 20. b4 Na4 21. Bxa6 Ra8 22. Be2 Bf6 23. Rac1 Qb7 24. b5 e4 25. fxe4 Bxe4 26. Bd4 Bxd4+ 27. Qxd4 Bg6 28. h3 Nc5 29. Rxc5 dxc5 30. Qxc5 Rfe8 31. Bf3 Rxa2 32. d6 Qd7 33. Nb4 Rb2 34. Bc6 Qe6 35. Bxe8 Qe2 36. Bc6 Qxd1+ 37. Kh2 Qd2 38. d7 Qf4+ 39. Kg1 Rb1+ 0-1

[Event "December 19 Early 2023"]
[Site "https://www.chess.com"]
[Date "2023.12.19"]
[Round "5"]
[White "Wael Sabry, Mina"]
[Black "Feliz Dotel, Dewar Bienvenido"]
[Result "1-0"]
[Board "193"]
[TimeControl "180+1"]
[WhiteFideId "10670173"]
[BlackFideId "6402801"]
[WhiteElo "1861"]
[BlackElo "2069"]
[WhiteTeam "EGY"]
[BlackTeam "DOM"]
[WhiteClock "0:00:32"]
[BlackClock "0:00:00"]

1. Nf3 Nf6 2. g3 b6 3. Bg2 e6 4. O-O Be7 5. c4 Ba6 6. Qc2 Bb7 7. d4 Be4 8. Qd1 c5 9. Nc3 Bb7 10. Bf4 cxd4 11. Qxd4 O-O 12. Rfd1 Nc6 13. Qd2 Rc8 14. Rac1 Bb4 15. Qd3 Bxc3 16. Rxc3 d5 17. Qb1 Qe7 18. Rcc1 h6 19. Ne5 dxc4 20. Nxc6 Bxc6 21. Bd6 Qb7 22. Bxc6 Qxc6 23. Bxf8 Kxf8 24. Qc2 Nd5 25. Qh7 c3 26. Qh8+ Ke7 27. Qxg7 c2 28. Rd2 Nb4 29. a3 Na2 30. Rcxc2 Qxc2 31. Rxc2 Rxc2 32. Qxh6 Rc1+ 33. Kg2 Rc2 34. Qg5+ Ke8 35. Qe5 Nc1 36. e3 Ke7 37. Qd4 Ne2 38. Qb4+ Kf6 39. h4 Kg7 40. Qe4 Rxb2 41. Qe5+ f6 42. Qxb2 1-0

[Event "December 19 Early 2023"]
[Site "https://www.chess.com"]
[Date "2023.12.19"]
[Round "5"]
[White "Yushko, Olga"]
[Black "Kovalevsky, Stanislav"]
[Result "1-0"]
[Board "194"]
[TimeControl "180+1"]
[WhiteFideId "14114500"]
[BlackFideId "13508598"]
[WhiteElo "1891"]
[BlackElo "2043"]
[WhiteTeam "UKR"]
[BlackTeam "FID"]
[WhiteClock "0:02:04"]
[BlackClock "0:01:13"]

1. d4 d5 2. c4 c6 3. cxd5 cxd5 4. Nc3 Nf6 5. Nf3 Nc6 6. Bf4 e6 7. e3 a6 8. Bd3 Bd6 9. O-O Bxf4 10. exf4 Qb6 11. b3 Bd7 12. f5 Nxd4 13. Nxd4 Qxd4 14. fxe6 Qxc3 15. exd7+ Kxd7 16. Bf5+ Kd6 17. Rc1 Qa5 18. Qf3 Rae8 19. Qg3+ Re5 20. Qxg7 Rxf5 21. Qxh8 Qxa2 22. Qf8+ Ke5 23. Rfe1+ Kf4 24. Qh6+ Rg5 25. Qxf6+ 1-0

[Event "December 19 Early 2023"]
[Site "https://www.chess.com"]
[Date "2023.12.19"]
[Round "5"]
[White "Fonseca Manrique, Enrique"]
[Black "Sevostianov, Vladimir"]
[Result "0-1"]
[Board "195"]
[TimeControl "180+1"]
[WhiteFideId "5114330"]
[BlackFideId "4144163"]
[WhiteElo "2133"]
[BlackElo "2150"]
[WhiteTeam "MEX"]
[BlackTeam "RUS"]
[WhiteClock "0:00:09"]
[BlackClock "0:01:15"]

1. e4 c5 2. Nf3 Nc6 3. Bb5 g6 4. O-O Bg7 5. d3 Nf6 6. Nc3 d6 7. Bxc6+ bxc6 8. h3 e5 9. a3 O-O 10. b4 cxb4 11. axb4 d5 12. Qe2 d4 13. Nb1 Nd7 14. Nbd2 Re8 15. Nb3 Nf8 16. Bd2 Ne6 17. Ra5 Qc7 18. Rfa1 f6 19. Nc5 Nxc5 20. bxc5 a6 21. Qd1 Rb8 22. Be1 Bf8 23. Nd2 Rb5 24. Nb3 Qb7 25. Kh2 Be6 26. Rxa6 Bxb3 27. cxb3 Rxc5 28. Ra7 Qb8 29. Qg4 Qc8 30. Qg3 Rb5 31. h4 Rb7 32. R7a6 Rxb3 33. Rc1 Qxa6 34. h5 Qxd3 35. Qg4 f5 36. Qg5 Qxe4 0-1

[Event "December 19 Early 2023"]
[Site "https://www.chess.com"]
[Date "2023.12.19"]
[Round "5"]
[White "Kiselev, Pavel"]
[Black "Saim, Mohamed Ilias"]
[Result "1-0"]
[Board "196"]
[TimeControl "180+1"]
[WhiteFideId "4191102"]
[BlackFideId "7900465"]
[WhiteElo "2145"]
[BlackElo "2063"]
[WhiteTeam "RUS"]
[BlackTeam "ALG"]
[WhiteClock "0:00:11"]
[BlackClock "0:00:02"]

1. Nf3 c5 2. c4 g6 3. d4 cxd4 4. Nxd4 Bg7 5. g3 Nc6 6. Nxc6 bxc6 7. Bg2 Nf6 8. O-O O-O 9. Nc3 Rb8 10. b3 e6 11. Bb2 d5 12. cxd5 cxd5 13. Qd2 Qa5 14. Rac1 Ba6 15. Rfe1 Rfc8 16. Red1 Ng4 17. h3 Bh6 18. e3 Nf6 19. Nxd5 Qxd2 20. Nxf6+ Kg7 21. Nh5+ Kf8 22. Rxc8+ Rxc8 23. Rxd2 gxh5 24. Be4 f5 25. Bf3 h4 26. gxh4 Bg7 27. Bxg7+ Kxg7 28. Rd7+ Kg6 29. Rxa7 Rc1+ 30. Kg2 Bf1+ 31. Kg3 Bd3 32. a4 Rb1 33. Rb7 e5 34. Bd5 Rg1+ 35. Kf3 e4+ 36. Kf4 Rh1 37. Rb6+ Kg7 38. Kxf5 Rxh3 39. Bxe4 Bxe4+ 40. Kxe4 Rxh4+ 41. f4 Kf7 42. b4 Rh1 43. a5 Ra1 44. a6 Ke7 45. b5 Kd7 46. Rb7+ Kd6 47. a7 h5 48. b6 h4 49. Rh7 Kc6 50. b7 Ra4+ 51. Kf3 Rxa7 52. b8=N+ Kc5 53. Rxa7 1-0

[Event "December 19 Early 2023"]
[Site "https://www.chess.com"]
[Date "2023.12.19"]
[Round "5"]
[White "Navyblue1"]
[Black "Szyszylo, Rafal"]
[Result "0-1"]
[Board "197"]
[TimeControl "180+1"]
[BlackFideId "1109626"]
[WhiteElo "2062"]
[BlackElo "1951"]
[BlackTeam "POL"]
[WhiteClock "0:00:02"]
[BlackClock "0:01:23"]

1. d4 g6 2. c4 d6 3. Nc3 Nf6 4. e4 Bg7 5. h3 O-O 6. Be3 Nbd7 7. Nf3 e5 8. d5 Nc5 9. Nd2 a5 10. g4 Bd7 11. Be2 c6 12. h4 a4 13. h5 Qa5 14. Kf1 a3 15. g5 axb2 16. gxf6 bxa1=Q 17. fxg7 Qxd1+ 18. Nxd1 Kxg7 19. h6+ Kg8 20. Kg2 f5 0-1

[Event "December 19 Early 2023"]
[Site "https://www.chess.com"]
[Date "2023.12.19"]
[Round "5"]
[White "Crispin Ferreras, Darvi Abraham"]
[Black "Brandao, Marcius Gomes"]
[Result "0-1"]
[Board "198"]
[TimeControl "180+1"]
[WhiteFideId "6402771"]
[BlackFideId "2124980"]
[WhiteElo "2149"]
[BlackElo "2086"]
[WhiteTeam "DOM"]
[BlackTeam "BRA"]
[WhiteClock "0:00:00"]
[BlackClock "0:01:04"]

1. e4 c5 2. Nf3 Nc6 3. Bb5 g6 4. O-O Bg7 5. c3 Nf6 6. Qe2 O-O 7. e5 Nd5 8. d4 Qb6 9. c4 Nc7 10. Nc3 Nxd4 11. Nxd4 cxd4 12. Na4 Qe6 13. Bf4 a6 14. Nc5 Qf5 15. Ba4 Qxf4 16. Bxd7 Qxe5 0-1

[Event "December 19 Early 2023"]
[Site "https://www.chess.com"]
[Date "2023.12.19"]
[Round "5"]
[White "Dominguez Rincon, Miller Duvan"]
[Black "Mesquita, Eduardo Barbosa"]
[Result "0-1"]
[Board "199"]
[TimeControl "180+1"]
[WhiteFideId "4406583"]
[BlackFideId "22757163"]
[WhiteElo "1960"]
[BlackElo "1953"]
[WhiteTeam "COL"]
[BlackTeam "BRA"]
[WhiteClock "0:00:02"]
[BlackClock "0:00:04"]

1. e4 c5 2. Nf3 d6 3. d4 cxd4 4. Nxd4 Nf6 5. Nc3 a6 6. Bg5 e6 7. f4 Nbd7 8. Qf3 Qc7 9. O-O-O b5 10. Bd3 Bb7 11. Rhe1 Be7 12. Bxf6 Nxf6 13. Qg3 O-O 14. e5 Nh5 15. Qf2 g6 16. g4 Ng7 17. h4 h5 18. gxh5 Nxh5 19. Bxg6 fxg6 20. Nxe6 Qb8 21. Rg1 Kh7 22. Nd5 Bxd5 23. Rxd5 dxe5 24. Qg2 Rf6 25. Ng5+ Kh8 26. Rd7 Qe8 27. Qb7 Bc5 28. Rh7+ Kg8 29. Rxh5 Ra7 30. Qd5+ Raf7 31. Nxf7 Bxg1 32. Nh6+ Kg7 33. Rxe5 Be3+ 34. Kb1 Rxf4 35. a3 Rf1+ 36. Ka2 Qf8 37. Rxe3 Kxh6 38. Qd2 Kh7 39. Rd3 Qf7+ 40. b3 Qf6 41. Rd7+ Kg8 42. Rd8+ Kf7 43. Rd7+ Ke8 44. Rd3 Ra1# 0-1

[Event "December 19 Early 2023"]
[Site "https://www.chess.com"]
[Date "2023.12.19"]
[Round "5"]
[White "Levine, David"]
[Black "Skibbe, Willi"]
[Result "0-1"]
[Board "200"]
[TimeControl "180+1"]
[WhiteFideId "2011611"]
[BlackFideId "4682190"]
[WhiteElo "2022"]
[BlackElo "2349"]
[WhiteTeam "USA"]
[BlackTeam "GER"]
[WhiteClock "0:00:12"]
[BlackClock "0:00:08"]

1. d4 d5 2. c4 c6 3. Nf3 Nf6 4. Nc3 a6 5. Bf4 dxc4 6. e3 b5 7. h3 Nd5 8. Bg3 e6 9. a4 Bb4 10. Qc2 Qa5 11. Rc1 Nd7 12. Be2 Bb7 13. O-O O-O 14. e4 Nxc3 15. bxc3 Be7 16. Ra1 Qb6 17. e5 c5 18. Rfb1 Bc6 19. Nd2 Qc7 20. Bf3 Nb6 21. axb5 axb5 22. Ne4 cxd4 23. cxd4 Nd5 24. Qd2 Rxa1 25. Rxa1 b4 26. Rc1 c3 27. Qc2 Rb8 28. Qb3 Qa5 29. Nxc3 Nxc3 30. Rxc3 Qa1+ 31. Kh2 Qxc3 32. Bxc6 Qxb3 0-1